 Dungeon Crawl Stone Soup version 0.21-a0-444-g29a2fec (webtiles) character file.

445 esteth the Ruffian (level 6, -5/51 HPs)
             Began as a Draconian Transmuter on Nov 17, 2017.
             Slain by an ogre
             ... wielding a +0 giant club
              (17 damage)
             ... on level 4 of the Dungeon.
             The game lasted 00:08:52 (4468 turns).

esteth the Ruffian (Draconian Transmuter)           Turns: 4468, Time: 00:08:52

Health: -5/51      AC: 10    Str: 18    XL:     6   Next: 72%
Magic:  8/9        EV: 12    Int: 15    God:
Gold:   162        SH:  0    Dex: 11    Spells: 6/9 levels left

rFire    . . .     SeeInvis .     - Unarmed
rCold    . . .     Gourm    .   (no shield)
rNeg     . . .     Faith    .   (armour unavailable)
rPois    .         Spirit   .   (helmet restricted)
rElec    .         Reflect  .   (no cloak)
rCorr    .         Harm     .   h - +2 pair of gloves
MR       .....                  x - +0 pair of boots
Stlth    +.........             (no amulet)
HPRegen  0.17/turn              q - +5 ring of strength
MPRegen  0.11/turn              (no ring)

@: appendage
A: unfitting armour, horns 2, cold-blooded, AC +6
a: End Transformation


You were on level 4 of the Dungeon.
You were not hungry.
You had grown temporary horns.
You visited 1 branch of the dungeon, and saw 4 of its levels.

You collected 162 gold pieces.

Inventory:

Missiles
 a - 36 arrows
Armour
 h - a +2 pair of gloves (worn)
 x - a +0 pair of boots (worn)
Jewellery
 q - a +5 ring of strength (left hand)
Scrolls
 d - a scroll of magic mapping {unknown}
 j - a scroll of fog {unknown}
 k - a scroll of enchant weapon {unknown}
 l - 4 scrolls of identify {unknown}
 n - 2 scrolls of teleportation {unknown}
 r - a scroll of remove curse {unknown}
 v - 4 scrolls of random uselessness {unknown}
Potions
 e - 3 potions of curing {unknown}
 f - 4 potions of heal wounds {unknown}
 g - 2 potions of berserk rage {unknown}
 p - a potion of agility {unknown}
 t - a potion of might {unknown}
 u - a potion of mutation {unknown}
 w - a potion of brilliance {unknown}
 z - a potion of magic {unknown}
Books
 b - a book of Changes

   Spells                             Type                      Level
   a - Beastly Appendage              Transmutation                1
   b - Sticks to Snakes               Transmutation                2
   c - Spider Form                    Transmutation/Poison         3
   d - Ice Form                       Ice/Transmutation            4
   e - Blade Hands                    Transmutation                5
 s - a book of Misfortune

   Spells                             Type                      Level
   a - Confusing Touch                Hexes                        1
   b - Confuse                        Hexes                        3
   c - Gell's Gravitas                Translocation                3
   d - Petrify                        Transmutation/Earth          4
   e - Metabolic Englaciation         Hexes/Ice                    5
   f - Yara's Violent Unravelling     Hexes/Transmutation          5
Comestibles
 c - 5 bread rations
 i - 2 royal jellies
 m - a fruit
 o - a meat ration


   Skills:
 + Level 3.6 Fighting
 - Level 1.7 Dodging
 + Level 5.3 Unarmed Combat
 - Level 2.0 Spellcasting
 + Level 4.7 Transmutations


You had 6 spell levels left.
You knew the following spells:

 Your Spells              Type           Power        Failure   Level  Hunger
a - Beastly Appendage     Tmut           ###...       3%          1    #......
b - Sticks to Snakes      Tmut           ###.....     4%          2    ###....


Dungeon Overview and Level Annotations

Branches:
Dungeon (4/15)             Temple (0/1) D:4

Altars:

Shops:
D:4 *

Annotations:
D:3 exclusion: downstairs


Innate Abilities, Weirdness & Mutations

Your plain brown scales are hard. (AC +6)
You cannot fit into any form of body armour.
You are cold-blooded and may be slowed by cold attacks.
You have a pair of horns on your head.


Message History

The ogre is lightly wounded.
The ogre hits you with a giant club!!
You punch the ogre!
You tail-slap the ogre, but do no damage.
The ogre is heavily wounded.
You punch the ogre!
Your tail-slap misses the ogre.
The ogre is severely wounded.
The ogre barely misses you.
Casting: Beastly Appendage
Confirm with . or Enter, or press ? or * to list all spells.
You grow a pair of large bovine horns.
The ogre hits you with a giant club!
* * * LOW HITPOINT WARNING * * *
You are too injured to fight recklessly!
You are too injured to fight recklessly!
You barely miss the ogre.
The ogre is severely wounded.
You hit the ogre.
The ogre is severely wounded.
The ogre hits you with a giant club!
You die...

............................#
................(...........#
............................#
............................#..
............................#.#
..............................
..........................#.##.
...............................
................@...........#
.................O.........>#
..........................###
..................∩.......#
......>.................).# #
.................)........##.#
.............................#
..........................####
####)##################.#.#


You could see an ogre.

Vanquished Creatures
  The ghost of Ijustatesigmund the Skirmisher, an amateur OpAr (D:4)
  An ogre (D:4)
  A hound (D:4)
  7 adders
  An ooze (D:4)
  2 adder skeletons (D:4)
  2 worms (D:2)
  2 dart slugs
  3 leopard geckos
  3 orcs
  8 bats
  4 giant cockroaches
  5 hobgoblins
  4 jackals (D:3)
  A ball python (D:4)
  5 frilled lizards
  5 goblins
  6 kobolds
  A leopard gecko skeleton (D:2)
  5 rats
67 creatures vanquished.

Notes
Turn   | Place    | Note
-------+----------+-------------------------------------------
     0 | D:1      | esteth the Draconian Transmuter began the quest for the Orb.
     0 | D:1      | Reached XP level 1. HP: 16/16 MP: 3/3
    93 | D:1      | Reached XP level 2. HP: 19/23 MP: 5/5
   318 | D:1      | Learned a level 2 spell: Sticks to Snakes
   667 | D:2      | Reached XP level 3. HP: 18/28 MP: 6/6
  1093 | D:2      | Reached skill level 4 in Unarmed Combat
  1237 | D:2      | Reached XP level 4. HP: 35/35 MP: 7/7
  3287 | D:4      | Found a staircase to the Ecumenical Temple.
  3356 | D:4      | Reached XP level 5. HP: 36/41 MP: 8/8
  3397 | D:4      | Noticed an ogre
  3876 | D:4      | Noticed a phantom
  3942 | D:4      | Noticed Ijustatesigmund's ghost (amateur OpAr)
  3948 | D:4      | Noticed an ogre
  4001 | D:4      | Killed Ijustatesigmund's ghost
  4001 | D:4      | Reached skill level 5 in Unarmed Combat
  4001 | D:4      | Reached XP level 6. HP: 19/51 MP: 7/9
  4194 | D:4      | Found Rohoz's Assorted Antiques.
  4468 | D:4      | Slain by an ogre

Vault maps used:
D:1:      minmay_arrival_five_plusses
D:2:      kennysheep_generic_room_2
D:3:      minmay_tree_intersection
D:4:      minmay_temple_entry_from_below_a, first_bread, serial_shops, shop

Skill      XL: |  1  2  3  4  5 |
---------------+----------------+-----
Transmutations | 3 4 |  4.7
Unarmed Combat | 4 5 |  5.3
Fighting       | 2 3 |  3.6
Dodging        | |  1.7
Spellcasting   | |  2.0

Action                   |  1- 3 |  4- 6 || total
-------------------------+-------+-------++-------
Melee: Unarmed           |   133 |   165 ||   298
       Tailslap          |     9 |    20 ||    29
       Punch             |       |     3 ||     3
 Cast: Beastly Appendage |       |     2 ||     2
 Stab: Sleeping          |       |     1 ||     1
  Eat: Chunk             |     1 |     6 ||     7
       Bread ration      |       |     1 ||     1
Armor: Skin              |    59 |    67 ||   126
Dodge: Dodged            |    76 |   128 ||   204

Table legend:
 A = Spawn XP
 B = Non-spawn XP
 C = Spawn XP percentage of total XP
 D = Spawn monster count
 E = Non-spawn monster count
 F = Spawn count percentage of total count
 G = Total turns spent on level
                    A         B        C        D         E        F      G
               +---------+---------+-------+---------+---------+-------+---------
         Total |       0 |     637 |   0.0 |       0 |      67 |   0.0 |  4468
               +---------+---------+-------+---------+---------+-------+---------
           D:1 |       0 |      26 |   0.0 |       0 |      15 |   0.0 |   445
           D:2 |       0 |      79 |   0.0 |       0 |      17 |   0.0 |  1327
           D:3 |       0 |      58 |   0.0 |       0 |      23 |   0.0 |  1728
           D:4 |       0 |     474 |   0.0 |       0 |      12 |   0.0 |   968
               +---------+---------+-------+---------+---------+-------+---------
